 Dungeon Crawl Stone Soup version 0.18-a0-1805-g8ab820f (webtiles) character file.

178542 varam the Warrior (level 17, -20/166 HPs)
             Began as a Minotaur Berserker on Apr 25, 2016.
             Was a High Priest of Trog.
             Demolished by Aizul (47 damage)
             ... on level 4 of the Snake Pit.
             The game lasted 04:52:20 (35030 turns).

varam the Warrior (Minotaur Berserker)             Turns: 35030, Time: 04:52:21

Health: -20/166    AC: 30    Str: 27    XL:     17   Next: 58%
Magic:  25/25      EV: 14    Int:  4    God:    Trog [*****.]
Gold:   580        SH: 15    Dex: 15    Spells: 0 memorised, 16 levels left

rFire  + + .     SeeInvis .     w - +3 eveningstar of the Unseen Realm {flame, rPois rF+ Str+3}
rCold  . . .     Gourm    .     m - +10 plate armour of Mumblety Peg {rN+}
rNeg   + . .     Faith    +     B - +2 shield
rPois  +         Spirit   .     (helmet restricted)
rElec  .         Dismiss  .     u - +0 cloak {rF+}
rCorr  .         Reflect  .     (no gloves)
SustAt +         Harm     .     (no boots)
MR     +....                    G - amulet of faith
Stlth  ..........               X - ring of magical power
                                r - ring of sustain attributes

@: lethally poisoned (-20 -> -36), exhausted, somewhat resistant to hostile
enchantments, extremely unstealthy
A: retaliatory headbutt, horns 2
a: Berserk, Trog's Hand, Brothers in Arms, Burn Spellbooks, Renounce Religion


You were on level 4 of the Snake Pit.
You worshipped Trog.
Trog was extremely pleased with you.
You were not hungry.

You visited 5 branches of the dungeon, and saw 30 of its levels.
You also visited: Volcano.

You collected 3207 gold pieces.
You spent 2627 gold pieces at shops.

Inventory:

Hand Weapons
 w - the +3 eveningstar of the Unseen Realm (weapon) {flame, rPois rF+ Str+3}
   (You found it on level 13 of the Dungeon)

   It has been specially enchanted to burn those struck by it, causing extra
   injury to most foes and up to half again as much damage against particularly
   susceptible opponents.
   It affects your strength (+3).
   It protects you from fire.
   It protects you from poison.
 x - a +6 hunting sling of velocity
Missiles
 M - 174 sling bullets
Armour
 m - the +10 plate armour of Mumblety Peg (worn) {rN+}
   (You found it on level 10 of the Dungeon)

   It protects you from negative energy.
 u - a +0 cloak of fire resistance (worn)
 B - a +2 shield (worn)
 O - a +1 plate armour of cold resistance
 U - a +2 plate armour of magic resistance
Rods
 N - a +2 rod of ignition (11/11)
   (You found it on level 3 of the Lair of Beasts)
Jewellery
 p - an uncursed ring of ice
 r - a ring of sustain attributes (left hand)
 s - an uncursed ring of positive energy
 A - an uncursed ring of poison resistance {unknown}
 G - an amulet of faith (around neck)
 X - a ring of magical power (right hand)
Wands
 c - a wand of paralysis (10/24)
 d - a wand of flame (28/48)
 g - a wand of lightning (8/15)
 z - a wand of iceblast (2/15)
 I - a wand of disintegration (16/24)
 R - a wand of digging (14/24)
 Z - a wand of enslavement (5/24)
Scrolls
 h - a scroll of fog
 q - a scroll of silence
 t - 2 scrolls of recharging
 v - a scroll of fear
 y - 6 scrolls of teleportation
 D - 8 scrolls of remove curse
 F - 2 scrolls of magic mapping
 L - a scroll of summoning
 S - a scroll of enchant weapon
Potions
 a - 3 potions of agility
 b - 4 potions of berserk rage
 e - 4 potions of brilliance
 f - 7 potions of curing
 i - a potion of beneficial mutation
 k - a potion of invisibility
 l - a potion of haste
 n - 5 potions of might
 C - a potion of flight
 E - 3 potions of resistance
 P - 2 potions of cancellation
 Q - a potion of ambrosia
 W - a potion of cure mutation
Miscellaneous
 H - a phial of floods
 K - a fan of gales
 V - a fan of gales
Comestibles
 o - 5 fruits
 T - 3 meat rations


   Skills:
 * Level 18.6 Fighting
 - Level 16.2 Maces & Flails
 - Level 12.0 Slings
 * Level 18.5 Armour
 * Level 13.2 Dodging
 + Level 10.3 Shields


You had 16 spell levels left.
You didn't know any spells.

Dungeon Overview and Level Annotations

Branches:
Dungeon (15/15)            Temple (0/1) D:6            Lair (8/8) D:10
 Shoals (0/4) Lair:4        Snake (4/4) Lair:4        Slime (0/6) Lair:7
    Orc (2/2) D:9             Elf (0/3) Orc:2        Vaults (0/5) D:13
 Depths (1/5) D:15

Altars:
Ashenzari
Elyvilon
Makhleb
Okawaru
Pakellas
Sif Muna
Vehumet
Xom
The Shining One
Beogh

Shops:
D:5 :   D:6 *}}   D:13 *   Orc:2 [!![

Portals:
Trove: D:13 (give wand of hasting (9))

Annotations:
Lair:7 exclusion: oklob plant
Snake:3 exclusion: Roxanne, Roxanne
Snake:4 Aizul


Innate Abilities, Weirdness & Mutations

You reflexively headbutt those who attack you in melee.
You have a pair of horns on your head.


Message History

You feel very sick. You block Aizul's attack. Aizul misses you.
Your two-headed ogre closely misses the naga sharpshooter.
Your two-headed ogre hits the naga sharpshooter with a giant club!!
The naga sharpshooter dies!
Trog accepts your kill.
Trog appreciates your killing of a magic user.
Your ogre completely misses Aizul.
The naga sharpshooter unwields an uncursed shortbow.
The naga sharpshooter wields an uncursed mace.
The naga sharpshooter hits your two-headed ogre with an uncursed mace!
The naga sharpshooter grabs your two-headed ogre.
The naga sharpshooter constricts your two-headed ogre.
Aizul coils himself and waves his upper body at you.
You fall asleep.
You feel sick.
Your two-headed ogre misses the naga mage.
Your two-headed ogre hits the naga mage with a giant club!!
Your ogre misses Aizul. Aizul hits you!!!
You wake up.
You die...

### #.### #...##########
#####
.......†.....######...##
(.N..(((((....#........##
(...N..†..(.............#
###########.NNNN........#
#.)O.S@<......#
#.....O....####
#...........#
#...........#
#..........####
#..##'##......#
#..'...#......#
#..#...#.....##
#..#...#....##


You could see Aizul, a naga sharpshooter, a naga mage, 2 nagas, a friendly
two-headed ogre (berserk) and a friendly ogre (berserk).

Vanquished Creatures
  Vashnia (Snake:2)
  A sphinx (D:14)
  Agnes (Snake:3)
  Wiglaf (Snake:2)
  3 greater nagas
  Maud (Lair:5)
  A stone giant (Orc:1)
  A merfolk javelineer (Depths:1)
  2 ettins
  Snorg (Orc:2)
  2 ogre magi
  8 naga warriors
  12 hydras
  2 catoblepae
  6 anacondas
  4 centaur warriors
  The ghost of Zhenya25pyc the Basher, a journeyman GrFi of Okawaru (D:12)
  19 death yaks
  8 shock serpents
  An orc high priest (Orc:2)
  A hell knight (D:14)
  2 tengu warriors
  Nergalle (Lair:2)
  12 naga sharpshooters
  2 salamander mystics (Snake:3)
  A wizard (D:15)
  3 skeletal warriors (D:9)
  An unseen horror (D:10)
  A flayed ghost (D:14)
  A giant orange brain (Depths:1)
  7 hill giants
  A naga ritualist (Snake:2)
  3 lindwurms
  An orc knight (Orc:2)
  4 mana vipers
  3 griffons
  21 ugly things
  4 orc sorcerers (Orc:2)
  3 deep elf magi
  A hornet (shapeshifter) (D:15)
  2 cyclopes
  4 manticores
  3 centaur zombies
  8 salamanders
  A guardian serpent (shapeshifter) (D:14)
  Maurice (D:12)
  A torpor snail (Lair:8)
  33 black mambas
  3 gargoyles
  18 naga magi
  A guardian serpent (Snake:3)
  Joseph (D:10)
  15 spiny frogs
  2 yaktaurs
  3 rime drakes
  9 komodo dragons
  3 tengu conjurers
  8 trolls
  A giant leech (Lair:8)
  2 polar bears
  Grinder (D:5)
  A two-headed ogre (D:15)
  34 blink frogs
  17 slime creatures
  3 boulder beetles
  4 shadows
  4 water elementals
  A vampire (D:15)
  Sigmund (D:5)
  2 spriggans (Lair:4)
  2 fire bats (Volcano)
  8 wyverns
  4 basilisks
  Eustachio (D:6)
  2 wraiths
  54 yaks
  8 hippogriffs
  2 steam dragons
  A hungry ghost (D:8)
  8 vampire mosquitoes
  3 mottled dragons
  6 wargs
  A soldier ant (D:12)
  21 nagas
  14 water moccasins
  Duvessa (D:5)
  2 ice beasts
  11 porcupines
  A swamp drake (D:11)
  4 sky beasts
  An eye of draining (D:14)
  25 orc warriors
  10 ogres
  7 phantoms
  4 black bears
  10 wolves
  21 centaurs
  2 necrophages
  21 crocodiles
  5 big kobolds
  28 giant frogs
  A water moccasin skeleton (D:11)
  Dowan (D:5)
  6 scorpions
  11 killer bees
  21 wights
  The ghost of Slimper123 the Chiller, a weakling DrIE (D:3)
  2 electric eels
  7 howler monkeys
  The ghost of skk the Insei, a weakling TeMo (D:4)
  6 lava snakes (Volcano)
  8 crimson imps
  A giant frog zombie (D:12)
  3 hounds
  7 jellies
  23 orc priests
  2 centaur skeletons
  Jessica (D:2)
  Ijyb (D:2)
  42 orc wizards
  Natasha (thrice) (D:2)
  12 iguanas
  13 worker ants
  7 sheep (Lair:7)
  2 hound skeletons
  2 worker ant zombies
  11 adders
  4 gnolls (D:4)
  61 river rats
  7 shadow imps
  9 oozes
  An adder zombie (D:9)
  2 adder skeletons
  3 worms
  4 dart slugs
  3 giant geckos
  79 orcs
  3 ball pythons
  9 bats
  5 giant cockroaches
  5 goblins
  4 hobgoblins
  5 jackals
  5 quokkas
  2 giant gecko skeletons
  A giant gecko zombie (D:8)
  7 giant newts
  A jackal skeleton (D:4)
  30 kobolds
  A quokka skeleton (D:6)
  A quokka zombie (D:7)
  4 rats
  A butterfly (Lair:3)
  2 plants
1078 creatures vanquished.

Vanquished Creatures (collateral kills)
  Nikola (Snake:3)
  A naga warrior (Snake:1)
  An anaconda (Snake:1)
  3 naga sharpshooters
  A skeletal warrior (D:9)
  A sea snake (Snake:4)
  2 naga ritualists (Snake:4)
  A lindwurm (Orc:2)
  3 black mambas (Snake:4)
  2 two-headed ogres (D:13)
  4 nagas
  A soldier ant (D:13)
  2 orc warriors (Orc:2)
  A lava snake (Volcano)
  2 orc priests (Orc:2)
  An orc (Orc:2)
27 creatures vanquished.

Vanquished Creatures (others)
  2 nagas (Snake:3)
  An orc wizard (Orc:2)
  An orc (D:9)
  8 fungi
  7 plants
19 creatures vanquished.

Grand Total: 1124 creatures vanquished

Notes
Turn   | Place    | Note
--------------------------------------------------------------
     0 | D:1      | varam the Minotaur Berserker began the quest for the Orb.
     0 | D:1      | Reached XP level 1. HP: 19/19 MP: 0/0
    76 | D:1      | Reached XP level 2. HP: 27/27 MP: 1/1
   347 | D:1      | Reached XP level 3. HP: 29/34 MP: 2/2
   529 | D:2      | Found a glowing golden altar of the Shining One.
   600 | D:2      | Noticed Jessica
   603 | D:2      | Killed Jessica
   603 | D:2      | Reached ** piety under Trog
   651 | D:2      | Found a burning altar of Makhleb.
   656 | D:2      | Found a white marble altar of Elyvilon.
   656 | D:2      | Found a radiant altar of Vehumet.
   660 | D:2      | Noticed Ijyb
   662 | D:2      | Noticed Natasha
   665 | D:2      | Killed Natasha
   665 | D:2      | Reached skill level 5 in Fighting
   665 | D:2      | Reached skill level 5 in Maces & Flails
   665 | D:2      | Reached XP level 4. HP: 42/42 MP: 3/3
   666 | D:2      | Killed Ijyb
   859 | D:2      | Reached XP level 5. HP: 47/48 MP: 4/4
   902 | D:2      | Noticed Natasha
   909 | D:2      | Killed Natasha
  1185 | D:2      | Noticed Natasha
  1190 | D:2      | Killed Natasha
  1390 | D:3      | Found an oddly glowing altar of Pakellas.
  1422 | D:3      | Noticed Slimper123's ghost (weakling DrIE)
  1428 | D:3      | Killed Slimper123's ghost
  1428 | D:3      | Reached XP level 6. HP: 58/58 MP: 5/5
  1438 | D:3      | Reached *** piety under Trog
  2021 | D:4      | Noticed skk's ghost (weakling TeMo)
  2495 | D:4      | Killed skk's ghost
  2495 | D:4      | Reached XP level 7. HP: 64/64 MP: 6/6
  2728 | D:4      | Reached skill level 5 in Armour
  2830 | D:5      | Entered Level 5 of the Dungeon
  2845 | D:5      | Noticed Duvessa
  2846 | D:5      | Noticed Dowan
  2853 | D:5      | Killed Dowan
  2858 | D:5      | Killed Duvessa
  3117 | D:5      | Reached XP level 8. HP: 62/71 MP: 7/7
  3170 | D:5      | Noticed Grinder
  3172 | D:5      | Paralysed by Grinder for 6 turns
  3181 | D:5      | Found a deep blue altar of Sif Muna.
  3194 | D:5      | Killed Grinder
  3230 | D:5      | Noticed Sigmund
  3245 | D:5      | Killed Sigmund
  3254 | D:5      | Found an iron altar of Okawaru.
  3335 | D:5      | Found a shattered altar of Ashenzari.
  3444 | D:5      | Found Ycout's Book Emporium.
  3618 | D:6      | Reached **** piety under Trog
  3618 | D:6      | Reached skill level 1 in Slings
  3713 | D:6      | Found a staircase to the Ecumenical Temple.
  3760 | D:6      | Reached skill level 10 in Maces & Flails
  3919 | D:6      | Reached XP level 9. HP: 79/79 MP: 8/8
  3971 | D:6      | Noticed Eustachio
  3982 | D:6      | Killed Eustachio
  4143 | D:6      | Found Ulai's Gadget Shop.
  4231 | D:6      | Found Qonlurr's Gadget Shop.
  4259 | D:6      | Found Leurhaen's General Store.
  4271 | D:6      | Bought a scroll of teleportation for 36 gold pieces
  4271 | D:6      | Bought a potion of curing for 36 gold pieces
  4271 | D:6      | Bought a potion of haste for 120 gold pieces
  4338 | D:7      | Found a radiant altar of Vehumet.
  5703 | D:7      | Reached ***** piety under Trog
  6024 | D:7      | Reached XP level 10. HP: 88/88 MP: 9/9
  6088 | D:9      | Found a staircase to the Orcish Mines.
  6174 | D:9      | Reached skill level 5 in Slings
  6572 | D:9      | Received a gift from Trog
  6592 | D:10     | Entered Level 10 of the Dungeon
  6721 | D:9      | Reached skill level 10 in Armour
  7224 | D:9      | Noticed a griffon
  7224 | D:9      | Noticed a hill giant
  7225 | D:9      | Noticed a manticore
  7233 | D:9      | Killed a hill giant
  7233 | D:9      | Reached skill level 10 in Fighting
  7242 | D:9      | Killed a griffon
  7247 | D:9      | Killed a manticore
  7247 | D:9      | Reached XP level 11. HP: 99/101 MP: 10/10
  7741 | D:10     | Noticed Joseph
  7754 | D:10     | Killed Joseph
  7901 | D:10     | Found a staircase to the Lair.
  7920 | D:10     | Received a gift from Trog
  8222 | D:10     | Received a gift from Trog
  8360 | D:10     | Got a translucent plate armour
  8371 | D:10     | Identified the +10 plate armour of Mumblety Peg {rN+} (You found it on level 10 of the Dungeon)
  8493 | D:10     | Killed an unseen horror
  9020 | D:9      | Got a brightly glowing hand axe
  9021 | D:9      | Identified the +5 hand axe of the Scorpion {chop, rN+ MR+ Int+7} (You found it on level 9 of the Dungeon)
  9056 | D:9      | Found a shimmering altar of Xom.
  9212 | D:9      | Noticed a skeletal warrior
  9213 | D:9      | Noticed a skeletal warrior
  9225 | D:9      | Killed a skeletal warrior
  9226 | D:9      | Noticed a skeletal warrior
  9226 | D:9      | Noticed a skeletal warrior
  9231 | D:9      | Killed a skeletal warrior
  9238 | D:9      | Killed a skeletal warrior
  9271 | D:9      | Killed a skeletal warrior
 10117 | D:11     | Noticed a hill giant
 10125 | D:11     | Killed a hill giant
 10176 | D:11     | Reached XP level 12. HP: 105/110 MP: 3/11
 10288 | D:11     | Reached skill level 15 in Maces & Flails
 10420 | D:11     | Got a translucent spear
 10421 | D:11     | Identified the cursed +1 spear "Nooputoe" {flame, SInv} (You found it on level 11 of the Dungeon)
 10568 | D:11     | Received a gift from Trog
 11268 | D:12     | Noticed Zhenya25pyc's ghost (journeyman GrFi)
 11284 | D:12     | Killed Zhenya25pyc's ghost
 11427 | D:12     | Found a burning altar of Makhleb.
 11496 | D:12     | Noticed Maurice
 11504 | D:12     | Killed Maurice
 11811 | D:13     | Noticed a centaur warrior
 11820 | D:13     | Killed a centaur warrior
 11942 | D:13     | Got a polished eveningstar
 11978 | D:13     | Reached skill level 10 in Slings
 12168 | D:13     | Received a gift from Trog
 12173 | D:13     | Identified the +3 eveningstar of the Unseen Realm {flame, rPois rF+ Str+3} (You found it on level 13 of the Dungeon)
 12328 | D:13     | Found a portal to a secret trove of treasure.
 12343 | D:13     | Reached ****** piety under Trog
 12344 | D:13     | Found Qoom's General Store.
 12417 | D:13     | Bought a scroll of blinking for 112 gold pieces
 12417 | D:13     | Bought a potion of heal wounds for 75 gold pieces
 12417 | D:13     | Bought a wand of enslavement (5/24) for 105 gold pieces
 12451 | D:13     | Noticed an ogre mage
 12474 | D:13     | Killed an ogre mage
 12474 | D:13     | Received a gift from Trog
 12493 | D:13     | Reached XP level 13. HP: 119/119 MP: 12/12
 12494 | D:13     | Found a gate to the Vaults.
 13215 | D:14     | Got a slimy whip
 13217 | D:14     | Identified the +1 whip "Killer Klown's Death" {slash, Str+6} (You found it on level 14 of the Dungeon)
 13352 | D:14     | Reached skill level 1 in Shields
 14191 | D:14     | Noticed a sphinx
 14448 | Lair:1   | Entered Level 1 of the Lair of Beasts
 14514 | Lair:1   | Reached skill level 5 in Dodging
 14517 | Lair:1   | Received a gift from Trog
 15701 | Lair:2   | Noticed Nergalle
 15715 | Lair:2   | Killed Nergalle
 16110 | Lair:2   | Received a gift from Trog
 16238 | Lair:3   | Reached XP level 14. HP: 128/130 MP: 13/13
 16241 | Lair:3   | Received a gift from Trog
 16282 | Lair:3   | Identified a +2 rod of ignition (11/11) (You found it on level 3 of the Lair of Beasts)
 16782 | Lair:3   | Received a gift from Trog
 17698 | Lair:4   | Found a staircase to the Shoals.
 18192 | Lair:4   | Found a staircase to the Snake Pit.
 18466 | Lair:5   | Noticed Maud
 18476 | Lair:5   | Killed Maud
 18482 | Lair:5   | Received a gift from Trog
 18904 | Lair:5   | Received a gift from Trog
 19111 | Lair:5   | Received a gift from Trog
 19152 | Lair:5   | You fall through a shaft!
 19233 | Lair:6   | Reached skill level 15 in Armour
 19233 | Lair:6   | Reached skill level 5 in Shields
 19243 | Lair:6   | Received a gift from Trog
 19247 | Lair:6   | Reached skill level 15 in Fighting
 19929 | Lair:5   | Received a gift from Trog
 20430 | Lair:7   | You fall through a shaft!
 20430 | Lair:8   | Entered Level 8 of the Lair of Beasts
 20563 | Lair:8   | Received a gift from Trog
 20568 | Lair:8   | Reached XP level 15. HP: 132/141 MP: 14/14
 20609 | Lair:8   | Found an oddly glowing altar of Pakellas.
 20880 | Lair:8   | Received a gift from Trog
 21908 | Lair:7   | Found a staircase to the Slime Pits.
 22649 | Orc:1    | Entered Level 1 of the Orcish Mines
 22865 | Orc:2    | Entered Level 2 of the Orcish Mines
 22920 | Orc:2    | Noticed Snorg
 22935 | Orc:2    | Killed Snorg
 22939 | Orc:2    | Received a gift from Trog
 23024 | Orc:2    | Found a roughly hewn altar of Beogh.
 23036 | Orc:2    | Found a staircase to the Elven Halls.
 23134 | Orc:2    | Found a dark tunnel.
 23142 | Volcano  | Entered a volcano
 23381 | Volcano  | Found a burning altar of Makhleb.
 23465 | Volcano  | Received a gift from Trog
 24119 | Orc:2    | Received a gift from Trog
 24284 | Orc:2    | Found Lusoot's Armour Shoppe.
 24284 | Orc:2    | Found Tixzab's Armour Emporium.
 24284 | Orc:2    | Found Heukomye's Distillery.
 24289 | Orc:2    | Found Kogodwutz's Distillery.
 24329 | Orc:2    | Bought a potion of might for 68 gold pieces
 24329 | Orc:2    | Bought a potion of curing for 51 gold pieces
 24329 | Orc:2    | Bought a potion of flight for 51 gold pieces
 24329 | Orc:2    | Bought a potion of resistance for 170 gold pieces
 24329 | Orc:2    | Bought a potion of haste for 170 gold pieces
 24329 | Orc:2    | Bought a potion of heal wounds for 85 gold pieces
 24329 | Orc:2    | Bought a potion of might for 68 gold pieces
 24333 | Orc:2    | Bought a potion of might for 60 gold pieces
 24333 | Orc:2    | Bought 2 potions of resistance for 300 gold pieces
 24859 | Orc:1    | Received a gift from Trog
 25623 | D:14     | Reached skill level 10 in Dodging
 25764 | D:14     | Received a gift from Trog
 25773 | D:14     | Paralysed by a sphinx for 6 turns
 25783 | D:14     | Killed a sphinx
 26640 | D:8      | Received a gift from Trog
 26727 | D:8      | Reached XP level 16. HP: 147/152 MP: 15/15
 27038 | D:6      | Bought a fan of gales for 600 gold pieces
 27104 | D:6      | Bought a phial of floods for 520 gold pieces
 27320 | D:15     | Entered Level 15 of the Dungeon
 27961 | D:15     | Received a gift from Trog
 28936 | D:15     | Found a staircase to the Depths.
 28941 | Depths:1 | Entered Level 1 of the Depths
 29176 | D:15     | HP: 1/155 [phantasmal warrior (19)]
 29859 | Snake:1  | Entered Level 1 of the Snake Pit
 30347 | Snake:1  | Received a gift from Trog
 30609 | Snake:2  | Received a gift from Trog
 31362 | Snake:2  | Received a gift from Trog
 31657 | Snake:2  | Noticed Wiglaf
 31668 | Snake:2  | Killed Wiglaf
 31786 | Snake:2  | Received a gift from Trog
 32163 | Snake:2  | Noticed Vashnia
 32286 | Snake:2  | Killed Vashnia
 32536 | Snake:2  | Reached XP level 17. HP: 163/163 MP: 16/16
 32578 | Snake:2  | Received a gift from Trog
 33465 | Snake:3  | Noticed Roxanne
 33609 | Snake:3  | Received a gift from Trog
 34087 | Snake:3  | Received a gift from Trog
 34098 | Snake:3  | Noticed Nikola
 34108 | Snake:3  | Killed Nikola
 34256 | Snake:3  | Reached skill level 10 in Shields
 34465 | Snake:3  | Noticed Agnes
 34477 | Snake:3  | Killed Agnes
 34758 | Snake:3  | Received a gift from Trog
 34896 | Snake:4  | Entered Level 4 of the Snake Pit
 35016 | Snake:4  | HP: 2/166 [naga sharpshooter/bolt (25)]
 35017 | Snake:4  | Noticed Aizul
 35030 | Snake:4  | Demolished by Aizul

Vault maps used:
D:1:      minmay_arrival_nine_rooms, serial_bayou_pond_e
D:2:      grunt_temple_overflow_open, tso_metal_star, uniq_natasha,
          uniq_jessica, uniq_iyjb
D:3:      nicolae_overflow_crystal_walls, grunt_ministairs_1,
          minmay_misc_feat_room, serial_bayou_crossing
D:4:      first_bread
D:5:      lemuel_doored_altar, okawaru_ov_weapons_minmay, kennysheep_little_box,
          serial_shops, shop, uniq_sigmund, uniq_grinder, uniq_duvessa
D:6:      minmay_temple_entry_large_hall, serial_shops, shop, shop,
          nicolae_shop_trees, uniq_eustachio
D:7:      vehumet_altar_wand_db
D:9:      hangedman_cross_cluster, old_standard_altar, erik_orc_1,
          hangedman_little_slice_of_home
D:10:     erik_lair_orcish_takeover, uniq_joseph
D:12:     basic_altar, uniq_maurice
D:13:     david_vaults_2, enter_trove_1, serial_shops, shop, nooodl_food_tri
D:14:     cross_vault, serial_co_window_serial, co_window_paths_a,
          co_window_corner_a, co_window_paths_a, co_window_paths_a,
          co_window_paths_a, co_window_2corner, co_window_broadway_a,
          co_window_corner_cb, glass_columns_b, glass_columns_c,
          kennysheep_potato
D:15:     grunt_enter_depths_magical_seal
Lair:1:   infiniplex_staircase_pool
Lair:2:   grunt_megastairs_4, serial_bayou_shore_b, lemuel_fruit_tree,
          uniq_nergalle
Lair:3:   beast_lair_carwin_7, lemuel_fruit_fields
Lair:4:   elwin_shoals_entry_rooms, dummy_snake_entry, forest_entry_grove
Lair:5:   beast_lair_carwin_6, uniq_maud
Lair:7:   dpeg_slime_entry_corner, beast_lair_carwin_11
Lair:8:   hangedman_lair_in_review, basic_altar
Snake:2:  grunt_ministairs_3, nicolae_snake_round_shape_thing, spider_trap,
          uniq_vashnia, uniq_wiglaf
Snake:3:  spider_trap, grunt_megastairs_5, uniq_agnes, uniq_nikola, uniq_roxanne
Snake:4:  snake_pit, serial_bayou_pond_b, uniq_aizul, uniq_saint_roka
Orc:1:    nicolae_orc_crystal_geode
Orc:2:    st_orc_mages, basic_altar, nicolae_volcano_entry_vermiform, rock_pile,
          uniq_snorg
Depths:1: grunt_decor_resistance, hangedman_tar_grid_catacomb,
          hangedman_abyss_entry_splay, grunt_ministairs_8, nrook_mini_vaults,
          nrook_loot_triangle, patterned_corridor
Volcano:  volcano_grotto

Skill      XL: |  1  2  3  4  5  6  7  8  9 10 11 12 13 14 15 16 17 |
---------------+----------------------------------------------------+-----
Maces & Flails | 4 5 6 7 8 10 12 14 15 16 | 16.2
Fighting       | 4 5 6 7 8 10 11 12 13 15 16 17 18 | 18.6
Armour         | 4 6 8 9 10 11 12 14 15 16 17 18 | 18.5
Slings         | 2 4 7 8 10 11 12 | 12.0
Shields        | 3 5 7 9 10 | 10.3
Dodging        | 5 7 10 12 13 | 13.2

Action                   |  1- 3 |  4- 6 |  7- 9 | 10-12 | 13-15 | 16-18 || total
-------------------------+-------+-------+-------+-------+-------+-------++-------
Melee: Mace              |    36 |       |       |       |       |       ||    36
       Headbutt          |     4 |    32 |    68 |   213 |   338 |   187 ||   842
       Whip              |     3 |    54 |   117 |   227 |    85 |       ||   486
       Morningstar       |       |    92 |   139 |    25 |       |       ||   256
       Flail             |       |       |    24 |    40 |       |       ||    64
       Quarterstaff      |       |       |       |    15 |       |       ||    15
       Dire flail        |       |       |       |   408 |       |       ||   408
       Eveningstar       |       |       |       |    39 |  1144 |   661 ||  1844
       Spear             |       |       |       |     7 |       |       ||     7
 Fire: Hunting sling     |       |       |     6 |     9 |    56 |    16 ||    87
Invok: Berserk           |     5 |     8 |    16 |    25 |    35 |    24 ||   113
       Trog's Hand       |       |       |       |     4 |     2 |     5 ||    11
       Burn Spellbooks   |       |       |       |     4 |     6 |       ||    10
       Brothers in Arms  |       |       |       |     2 |     4 |    10 ||    16
Evoke: Wand              |       |       |       |       |     1 |       ||     1
  Use: Scroll            |       |       |    11 |    10 |     9 |    10 ||    40
       Potion            |       |       |       |     2 |     5 |    16 ||    23
 Stab: Distracted        |     1 |       |       |       |       |       ||     1
  Eat: Chunk             |     2 |     2 |    11 |    24 |    38 |     5 ||    82
       Meat ration       |     1 |     1 |       |     2 |     2 |     6 ||    12
       Bread ration      |     1 |       |     2 |     2 |     5 |       ||    10
       Fruit             |       |       |     5 |     4 |     4 |    14 ||    27
       Pizza             |       |       |     2 |     2 |     1 |     1 ||     6
       Royal jelly       |       |       |       |     2 |     1 |       ||     3
       Beef jerky        |       |       |       |       |     7 |     2 ||     9
Armor: Animal skin       |     6 |       |       |       |       |       ||     6
       Chain mail        |     2 |    70 |   138 |    72 |       |       ||   282
       Plate armour      |       |       |       |   363 |   531 |   280 ||  1174
Dodge: Dodged            |    31 |    50 |   123 |   266 |   302 |   245 ||  1017
Block: Buckler           |       |       |       |       |    57 |       ||    57
       Shield            |       |       |       |       |   412 |   468 ||   880
